[Event "Titled Tuesday Blitz November 14 Early 2023"]
[White "Dmitrenko, Viktor"]
[Black "Kovacsy, Barnabas"]
[WhiteFideId "14110270"]
[BlackFideId "769290"]
[WhiteElo "2360"]
[BlackElo "2528"]
[Result "1-0"]
[Round "3"]
[TimeControl "180+1"]
[Date "2023.11.14"]
[WhiteClock "0:00:16"]
[BlackClock "0:00:10"]
[Board "173"]

1. e4 c5 2. Nf3 e6 3. c3 d5 4. e5 d4 5. Bd3 Nc6 6. O-O Nge7 7. Be4 Ng6 8. Bxc6+ bxc6 9. d3 Qc7 10. Qe2 Bd7 11. c4 Be7 12. Nbd2 Rb8 13. Qe4 f5 14. exf6 gxf6 15. Re1 f5 16. Qe2 Rg8 17. Nf1 Nf4 18. Bxf4 Qxf4 19. Ne5 Qg5 20. f4 Qf6 21. Ng3 Rxg3 22. hxg3 Kd8 23. Nxd7 Kxd7 24. Qe5 Qxe5 25. Rxe5 Bd6 26. Re2 Rg8 27. Kf2 h6 28. Rh1 Rg6 29. b3 a5 30. Kf3 Ke7 31. Rh4 Kf7 32. g4 fxg4+ 33. Rxg4 Rf6 34. g3 h5 35. Rh4 Rf5 36. Kg2 Kf6 37. Re1 e5 38. fxe5+ Bxe5 39. Reh1 Kg6 40. Re4 Bf6 41. Rf1 Rxf1 42. Kxf1 Kf7 43. Kg2 Bg7 44. Kf3 Bh6 45. Re5 Bf8 46. Rxh5 Bd6 47. Rf5+ Ke6 48. Ke4 Bxg3 49. Rxc5 Kd7 50. Rxa5 Kc7 51. Kxd4 Kb6 52. Rf5 c5+ 53. Ke4 Bf2 54. Rd5 Ka5 55. d4 Kb4 56. dxc5 Ka5 57. c6+ Kb6 58. Rd6 Kc7 59. Rg6 Bc5 60. a4 Bb4 61. Kd3 Kb6 62. Kd4 Bc5+ 63. Kd5 Bg1 64. Rg7 Bh2 65. Rb7+ Ka6 66. Rd7 Kb6 67. b4 Ka6 68. b5+ Kb6 69. c5+ Ka5 70. Ra7+ Kb4 71. c7 Bxc7 72. Rxc7 Ka5 73. c6 Kb6 74. Rb7+ Ka5 75. c7 Kb4 76. c8=Q Ka5 77. Qc7+ Kb4 78. Qc4+ Ka5 79. Ra7+ Kb6 80. Qc7# 1-0


[Site "https://www.chess.com"]

[Event "Titled Tuesday Blitz November 14 Early 2023"]
[White "Herman, Matthew"]
[Black "KatakuriDono"]
[WhiteFideId "2028964"]
[WhiteElo "2522"]
[BlackElo "2367"]
[Result "1-0"]
[Round "3"]
[TimeControl "180+1"]
[Date "2023.11.14"]
[WhiteClock "0:00:30"]
[BlackClock "0:01:13"]
[Board "174"]

1. e4 e5 2. Nf3 Nc6 3. Bb5 a6 4. Ba4 Nf6 5. O-O Be7 6. Re1 b5 7. Bb3 d6 8. c3 O-O 9. h3 Na5 10. Bc2 c5 11. d4 Nd7 12. d5 c4 13. b4 Nb7 14. a4 bxa4 15. Na3 Nb6 16. Be3 a5 17. Nd2 axb4 18. cxb4 c3 19. Ndc4 Nxc4 20. Nxc4 Bd7 21. Nb6 Rb8 22. Bxa4 Bxa4 23. Qxa4 Re8 24. Qc6 Bg5 25. Ra7 Bxe3 26. Rxe3 Qg5 27. Rxb7 Rbd8 28. Qxc3 1-0


[Site "https://www.chess.com"]

[Event "Titled Tuesday Blitz November 14 Early 2023"]
[White "Jarocka, Liwia"]
[Black "a-z30"]
[WhiteFideId "21807558"]
[WhiteElo "2351"]
[BlackElo "2494"]
[Result "1/2-1/2"]
[Round "3"]
[TimeControl "180+1"]
[Date "2023.11.14"]
[WhiteClock "0:00:05"]
[BlackClock "0:00:03"]
[Board "175"]

1. e4 d6 2. d4 Nf6 3. Nc3 g6 4. f4 Bg7 5. Nf3 O-O 6. Bd3 Nc6 7. O-O e5 8. d5 Ne7 9. fxe5 dxe5 10. Kh1 c6 11. dxc6 Nxc6 12. Bg5 h6 13. Bh4 g5 14. Bf2 Qc7 15. Nd5 Nxd5 16. exd5 Nb4 17. c4 Nxd3 18. Qxd3 f5 19. Qc2 f4 20. c5 Bf5 21. Qc4 Qf7 22. Rfe1 Rfe8 23. Rad1 Rad8 24. b4 e4 25. Nd4 Bxd4 26. Rxd4 e3 27. Bg1 Re5 28. d6 Qxc4 29. Rxc4 Rd5 30. Rc3 Rd2 31. a3 Be4 32. Bxe3 fxe3 33. Rcxe3 Bxg2+ 34. Kg1 Bc6 35. Rg3 Rf8 36. h4 Rff2 37. hxg5 Rg2+ 38. Rxg2 Rxg2+ 39. Kf1 Rxg5 40. Re7 Rd5 41. Kf2 a6 42. Kg3 Rg5+ 43. Kh3 Rg7 44. Re5 Kf7 45. Kh4 Kf6 46. Re3 Rg5 47. Re2 Rd5 48. Rf2+ Kg6 49. Re2 Rd4+ 50. Kg3 Kf5 51. Rf2+ Kg5 52. Rf7 h5 53. Rg7+ Kf6 54. Rc7 Kg6 55. a4 h4+ 56. Kh2 Kg5 57. b5 axb5 58. axb5 Bxb5 59. Rxb7 Bd3 60. Rg7+ Kf4 61. d7 Bf5 62. c6 Rd2+ 63. Rg2 Rd6 64. Rf2+ Kg5 65. Rxf5+ Kxf5 66. c7 Rxd7 67. c8=Q Ke6 68. Kh3 Kd6 69. Kxh4 Rc7 70. Qd8+ Kc6 71. Kg4 Rd7 72. Qc8+ Rc7 73. Qe6+ Kc5 74. Kf3 Rc6 75. Qe5+ Kb6 76. Ke4 Rc5 77. Qd6+ Rc6 78. Qb4+ Kc7 79. Kd5 Rb6 80. Qc5+ Kb7 81. Qe7+ Ka6 82. Qc7 Rb7 83. Qc8 Kb6 84. Kd6 Ka7 85. Kc6 Rb6+ 86. Kc5 Rb8 87. Qd7+ Rb7 88. Qa4+ Kb8 89. Kc6 Rc7+ 90. Kd6 Rb7 91. Qa6 Rb4 92. Qa5 Rb7 93. Qd8+ Ka7 94. Kc6 Rb3 95. Qc7+ Ka6 96. Qc8+ Ka7 97. Qd7+ Ka6 98. Qc8+ Ka7 99. Qg4 Rb6+ 100. Kc7 Rb7+ 101. Kd6 Rb6+ 102. Kc5 Rb7 103. Qa4+ Kb8 104. Qe8+ Ka7 105. Qe3 Rc7+ 106. Kd6+ Kb8 107. Qb6+ Ka8 108. Qa5+ Ra7 109. Qd8+ Kb7 110. Qd7+ Ka6 111. Qc6+ Ka5 112. Qc5+ Ka6 113. Kc6 Rc7+ 114. Kxc7 1/2-1/2


[Site "https://www.chess.com"]

[Event "Titled Tuesday Blitz November 14 Early 2023"]
[White "Bogaudinov, Rushan"]
[Black "Sokac, Marko"]
[WhiteFideId "4129288"]
[BlackFideId "14531356"]
[WhiteElo "2348"]
[BlackElo "2493"]
[Result "0-1"]
[Round "3"]
[TimeControl "180+1"]
[Date "2023.11.14"]
[WhiteClock "0:00:00"]
[BlackClock "0:00:37"]
[Board "176"]

1. d4 Nf6 2. Nf3 e6 3. g3 b5 4. Bg2 Bb7 5. O-O Be7 6. a4 b4 7. c4 bxc3 8. Nxc3 O-O 9. a5 d6 10. Qd3 a6 11. e4 Nbd7 12. e5 Nd5 13. Ne4 h6 14. Rd1 dxe5 15. dxe5 c5 16. Bd2 Qc7 17. Rac1 Rfd8 18. Bc3 Nxc3 19. Nxc3 Nxe5 20. Qe2 Nxf3+ 21. Bxf3 Bxf3 22. Qxf3 Qxa5 23. Qb7 Bf6 24. Ne4 Bd4 25. Qe7 Re8 26. Qd6 Rad8 27. Qf4 e5 28. Qg4 Qb6 29. b3 Re6 30. Re1 Rf8 31. Qf5 g6 32. Qf3 f5 33. Nd2 e4 34. Qe2 e3 35. fxe3 Rxe3 36. Qc4+ Kg7 37. Kf1 Rfe8 38. Rxe3 Rxe3 39. Rd1 Qb5 40. Rc1 Rc3 41. Rxc3 Bxc3 42. Nb1 Bd4 43. Nd2 Bc3 44. Nf3 Kf6 45. Ke2 Qxc4+ 46. bxc4 a5 47. Kd3 Be5 48. Kc2 a4 49. Kb1 a3 50. Ka2 Bb2 51. h4 g5 52. hxg5+ hxg5 53. Nd2 g4 54. Nb3 f4 55. gxf4 g3 56. Nxc5 g2 57. Ne4+ Kg7 58. f5 g1=Q 59. c5 Qd4 60. f6+ Kf8 61. Nd6 Qd5+ 62. Kb1 Qxc5 63. Ne4 Qc1+ 64. Ka2 Qc4+ 65. Kb1 Qxe4+ 66. Ka2 Qc4+ 0-1


[Site "https://www.chess.com"]

[Event "Titled Tuesday Blitz November 14 Early 2023"]
[White "Manukyan, Sargis V."]
[Black "Zivic, Dragan"]
[WhiteFideId "13303465"]
[BlackFideId "904740"]
[WhiteElo "2474"]
[BlackElo "2324"]
[Result "1/2-1/2"]
[Round "3"]
[TimeControl "180+1"]
[Date "2023.11.14"]
[WhiteClock "0:00:25"]
[BlackClock "0:00:19"]
[Board "177"]

1. d4 Nf6 2. Nc3 d5 3. Bf4 c5 4. e3 a6 5. Nf3 Nc6 6. dxc5 Bg4 7. Be2 Bxf3 8. Bxf3 e6 9. Na4 Nd7 10. c4 Qa5+ 11. Ke2 dxc4 12. Bxc6 bxc6 13. Bd6 O-O-O 14. b4 cxb3 15. axb3 Qb5+ 16. Kf3 Nxc5 17. Nxc5 Rxd6 18. Qc2 Rd5 19. b4 Bxc5 20. bxc5 Rxc5 21. Qe4 Rf5+ 22. Kg3 Rg5+ 23. Kf3 Rf5+ 24. Kg3 Rg5+ 25. Kh3 Rh5+ 26. Kg3 Rg5+ 1/2-1/2


[Site "https://www.chess.com"]

[Event "Titled Tuesday Blitz November 14 Early 2023"]
[White "lagunanivaria"]
[Black "Cardozo Munar, Carlos Eduardo"]
[BlackFideId "4409477"]
[WhiteElo "2472"]
[BlackElo "2272"]
[Result "1/2-1/2"]
[Round "3"]
[TimeControl "180+1"]
[Date "2023.11.14"]
[WhiteClock "0:00:11"]
[BlackClock "0:00:15"]
[Board "178"]

1. e4 e6 2. d4 d5 3. exd5 exd5 4. Nf3 Bd6 5. Bd3 Ne7 6. O-O O-O 7. Bg5 Nbc6 8. h3 f6 9. Be3 Bf5 10. c3 Qd7 11. Re1 a6 12. Na3 Rae8 13. Nc2 Ng6 14. b4 Nf4 15. Bxf4 Bxf4 16. a4 Re4 17. Nh4 Rxe1+ 18. Nxe1 Bxh3 19. Qf3 Bd2 20. gxh3 Bxc3 21. Bxh7+ Kxh7 22. Qxc3 Re8 23. Neg2 Re4 24. Re1 Nxd4 25. Qd3 f5 26. Rxe4 dxe4 27. Qd2 b6 28. Ne3 c5 29. bxc5 bxc5 30. Nexf5 Qxf5 31. Nxf5 Nf3+ 32. Kf1 Nxd2+ 33. Ke2 Nc4 34. Ng3 Nd6 35. Ke3 c4 36. Nxe4 Nxe4 37. Kxe4 Kg6 38. Kd4 Kg5 39. Kxc4 Kh4 40. Kc5 Kxh3 41. Kb6 Kg2 42. Kxa6 Kxf2 43. Kb6 g5 44. a5 g4 45. a6 g3 46. a7 g2 47. a8=Q g1=Q 48. Qf8+ Ke1+ 49. Kb7 Qg2+ 50. Kc7 Qc2+ 51. Kd7 Qa4+ 52. Ke7 Qb4+ 53. Kf7 Qxf8+ 54. Kxf8 1/2-1/2


[Site "https://www.chess.com"]

[Event "Titled Tuesday Blitz November 14 Early 2023"]
[White "Limontaite, Simona"]
[Black "LangesNasenhaar"]
[WhiteFideId "12802506"]
[WhiteElo "2245"]
[BlackElo "2435"]
[Result "0-1"]
[Round "3"]
[TimeControl "180+1"]
[Date "2023.11.14"]
[WhiteClock "0:00:00"]
[BlackClock "0:00:20"]
[Board "179"]

1. d4 d5 2. c4 e6 3. Nc3 c5 4. cxd5 cxd4 5. Qxd4 Nc6 6. Qa4 exd5 7. e3 Nf6 8. Nf3 Be7 9. Bd3 O-O 10. O-O Qb6 11. Rd1 h6 12. Nd4 Nxd4 13. Qxd4 Qxd4 14. exd4 Bg4 15. f3 Be6 16. Bf4 Rfc8 17. Rac1 a6 18. Na4 Nd7 19. Bc7 Bf6 20. Bb1 b5 21. Nb6 Nxb6 22. Bxb6 Rxc1 23. Rxc1 Rc8 24. Rxc8+ Bxc8 25. Kf2 Kf8 26. Bc2 Ke7 27. a4 Bd7 28. Bc5+ Ke6 29. f4 g6 30. g4 Bh4+ 31. Kf3 bxa4 32. f5+ Kf6 33. fxg6 fxg6 34. Bd3 Bb5 35. Bc2 Bg5 36. h3 Bc1 37. Ba3 h5 0-1


[Site "https://www.chess.com"]

[Event "Titled Tuesday Blitz November 14 Early 2023"]
[White "Kuchava, Ana"]
[Black "Friedland, Moshe"]
[WhiteFideId "13605348"]
[BlackFideId "2812843"]
[WhiteElo "2242"]
[BlackElo "2413"]
[Result "0-1"]
[Round "3"]
[TimeControl "180+1"]
[Date "2023.11.14"]
[WhiteClock "0:02:00"]
[BlackClock "0:02:33"]
[Board "180"]

1. d4 Nf6 2. Nf3 c5 3. d5 b5 4. c4 g6 5. cxb5 a6 6. b6 Bg7 7. Nc3 d6 8. e4 Nbd7 9. Bd3 O-O 10. O-O Rb8 11. Re1 Nxb6 12. h3 Bb7 13. Nd2 e6 14. dxe6 fxe6 15. Nc4 Nxc4 16. Bxc4 d5 17. exd5 exd5 18. Bb3 c4 19. Bc2 d4 20. Ne4 d3 21. Nxf6+ Qxf6 22. Ba4 Qxf2+ 23. Kh1 Qxg2# 0-1


[Site "https://www.chess.com"]

[Event "Titled Tuesday Blitz November 14 Early 2023"]
[White "Perez Cruz, Adianet"]
[Black "Xie, Bryan"]
[WhiteFideId "3510115"]
[BlackFideId "30941296"]
[WhiteElo "2009"]
[BlackElo "2407"]
[Result "0-1"]
[Round "3"]
[TimeControl "180+1"]
[Date "2023.11.14"]
[WhiteClock "0:00:24"]
[BlackClock "0:00:51"]
[Board "181"]

1. d4 Nf6 2. Bg5 d5 3. e3 Nbd7 4. Nd2 e6 5. Ngf3 Be7 6. c3 c5 7. Bd3 h6 8. Bh4 O-O 9. O-O b6 10. Re1 Bb7 11. Qe2 Ne4 12. Bxe7 Qxe7 13. h3 Ndf6 14. Ba6 Rac8 15. Bxb7 Qxb7 16. Ne5 Rfd8 17. Rad1 a5 18. a3 cxd4 19. exd4 b5 20. Nxe4 Nxe4 21. f3 Nd6 22. Rc1 b4 23. cxb4 axb4 24. a4 b3 25. Qd3 Qb4 26. Red1 Qxa4 27. Ra1 Qb4 28. Ra6 Nc4 29. Nxc4 dxc4 30. Qe3 c3 31. bxc3 Rxc3 32. Qd2 b2 33. Rb1 Rc1+ 34. Rxc1 Qxd2 0-1


[Site "https://www.chess.com"]

[Event "Titled Tuesday Blitz November 14 Early 2023"]
[White "parintele_chess"]
[Black "GaiozNigalidze"]
[WhiteElo "2232"]
[BlackElo "2743"]
[Result "0-1"]
[Round "3"]
[TimeControl "180+1"]
[Date "2023.11.14"]
[WhiteClock "0:00:00"]
[BlackClock "0:01:48"]
[Board "182"]

1. d4 Nf6 2. Bf4 e6 3. Nf3 b5 4. e3 b4 5. Be2 Bb7 6. c3 a5 7. h3 Be7 8. Nbd2 O-O 9. O-O Nc6 10. e4 d6 11. a3 bxc3 12. bxc3 Nd7 13. Rb1 Rb8 14. Qa4 Ba8 15. Rxb8 Qxb8 16. Rb1 Nb6 17. Qc2 Qe8 18. Bb5 Qc8 19. Bd3 h6 20. c4 Bf6 21. d5 Nd8 22. Be3 Nd7 23. Nd4 Nc5 24. Be2 a4 25. Bg4 Re8 26. f4 Qa6 27. Nb5 Qa5 28. Bxc5 dxc5 29. e5 Bh4 30. Nf3 Be7 31. dxe6 Nxe6 32. Bxe6 fxe6 33. Qg6 Qb6 34. Nc3 Qc6 35. Re1 Rf8 36. Ne4 Rxf4 37. Nf6+ Bxf6 38. exf6 Rxf6 39. Qg4 Qd6 0-1


[Site "https://www.chess.com"]

[Event "Titled Tuesday Blitz November 14 Early 2023"]
[White "Maect19"]
[Black "Panchenko, Dmitry"]
[BlackFideId "4169158"]
[WhiteElo "2310"]
[BlackElo "2741"]
[Result "0-1"]
[Round "3"]
[TimeControl "180+1"]
[Date "2023.11.14"]
[WhiteClock "0:00:03"]
[BlackClock "0:00:11"]
[Board "183"]

1. d4 d5 2. Nf3 Nf6 3. e3 c5 4. Bd3 Nc6 5. O-O Bg4 6. Nbd2 cxd4 7. exd4 Nxd4 8. c3 Nc6 9. Bb5 Bd7 10. Qa4 a6 11. Bxc6 Bxc6 12. Qb3 e6 13. Ne5 Bd6 14. Ndf3 O-O 15. Bg5 Be7 16. Nd4 Qc7 17. Rfe1 h6 18. Bh4 Be8 19. Rac1 Ne4 20. Bxe7 Qxe7 21. f3 Nd6 22. Qb4 a5 23. Qa3 b5 24. b3 Qc7 25. Qb2 Qb6 26. Qf2 Rc8 27. Kh1 Qb7 28. Qg3 Qc7 29. Ng4 Kh8 30. Qh4 Qd8 31. Qh3 Kh7 32. Ne5 Qg5 33. g3 a4 34. b4 Kg8 35. f4 Qe7 36. f5 Ne4 37. fxe6 Nf2+ 38. Kg2 Nxh3 39. exf7+ Bxf7 40. Nxf7 Qxf7 41. Kxh3 Qh5+ 42. Kg2 Rf7 43. Re3 Rcf8 44. Rce1 Rf2+ 0-1


[Site "https://www.chess.com"]

[Event "Titled Tuesday Blitz November 14 Early 2023"]
[White "Lukovic, Vladimir"]
[Black "Malikova777"]
[WhiteFideId "942952"]
[WhiteElo "2695"]
[BlackElo "2306"]
[Result "1-0"]
[Round "3"]
[TimeControl "180+1"]
[Date "2023.11.14"]
[WhiteClock "0:02:12"]
[BlackClock "0:00:00"]
[Board "184"]

1. e4 c6 2. d4 d5 3. Nc3 dxe4 4. Nxe4 Bf5 5. Ng3 Bg6 6. Nf3 Nd7 7. h4 h6 8. h5 Bh7 9. Bd3 Bxd3 10. Qxd3 e6 11. Bf4 Qa5+ 12. Bd2 Bb4 13. c3 Be7 14. c4 Qc7 15. O-O-O Ngf6 16. Rhe1 O-O-O 17. Bc3 Rhe8 18. Kb1 Ng4 19. Qc2 Ndf6 20. Ne5 Nxe5 21. dxe5 Nd7 22. Ne4 Nxe5 23. Bxe5 Qxe5 24. Nd6+ 1-0


[Site "https://www.chess.com"]

[Event "Titled Tuesday Blitz November 14 Early 2023"]
[White "MKlose11"]
[Black "Iunusovnuriddin"]
[WhiteElo "2678"]
[BlackElo "2304"]
[Result "1-0"]
[Round "3"]
[TimeControl "180+1"]
[Date "2023.11.14"]
[WhiteClock "0:00:57"]
[BlackClock "0:00:01"]
[Board "185"]

1. e4 d6 2. d4 e5 3. dxe5 dxe5 4. Qxd8+ Kxd8 5. Bc4 Be6 6. Bxe6 fxe6 7. Be3 Nd7 8. f3 Ngf6 9. Nh3 Bc5 10. Bxc5 Nxc5 11. Nd2 Ke7 12. O-O-O b5 13. Nf2 Rhd8 14. h3 Nh5 15. Ng4 Nd7 16. Nb3 Nhf6 17. Na5 Kf7 18. Nc6 Re8 19. Ngxe5+ Nxe5 20. Nxe5+ Kf8 21. Rd3 Red8 22. Rhd1 Ke8 23. Rxd8+ Rxd8 24. Rxd8+ Kxd8 25. Kd2 Ke7 26. Nc6+ Kd7 27. Nxa7 c6 28. Kc3 Kc7 29. Kb4 Kb7 30. Nxb5 cxb5 31. Kxb5 Nh5 32. Kc5 Kc7 33. b4 Nf4 34. b5 Nxg2 35. a4 Ne1 36. c4 Nxf3 37. a5 Ne5 38. b6+ Kb8 39. a6 g5 40. Kb5 h5 41. c5 g4 42. hxg4 hxg4 43. c6 g3 44. a7+ 1-0


[Site "https://www.chess.com"]

[Event "Titled Tuesday Blitz November 14 Early 2023"]
[White "LeoWin2012"]
[Black "Zarnicki, Pablo"]
[BlackFideId "100137"]
[WhiteElo "2301"]
[BlackElo "2593"]
[Result "0-1"]
[Round "3"]
[TimeControl "180+1"]
[Date "2023.11.14"]
[WhiteClock "0:00:03"]
[BlackClock "0:00:16"]
[Board "186"]

1. e4 c5 2. Nf3 e6 3. d4 cxd4 4. Nxd4 Nf6 5. Nc3 Nc6 6. Nxc6 bxc6 7. e5 Nd5 8. Ne4 f5 9. exf6 Nxf6 10. Bd3 d5 11. Nxf6+ Qxf6 12. O-O Bd6 13. Qh5+ g6 14. Bg5 gxh5 15. Bxf6 O-O 16. Bh4 e5 17. Be2 Bf5 18. c3 Bg6 19. Bg3 Rae8 20. Rad1 Rf6 21. a3 e4 22. Bxd6 Rxd6 23. b4 e3 24. f3 a5 25. Rd4 axb4 26. axb4 Ra8 27. c4 Ra2 28. Re1 Rd2 29. Rf4 d4 30. c5 Rd8 31. Bc4+ Kg7 32. g4 hxg4 33. fxg4 Rf8 34. Rxf8 Kxf8 35. h4 Be4 36. Rf1+ Ke8 37. Rf4 Bd5 38. Bxd5 cxd5 39. Kf1 d3 40. Rf3 Rd1+ 41. Kg2 e2 42. Re3+ Kd7 43. Kf2 Rf1+ 44. Kg2 e1=Q 45. Rxe1 Rxe1 46. g5 d2 47. h5 d1=Q 48. g6 Re3 49. gxh7 Qd2+ 50. Kf1 Re1# 0-1


[Site "https://www.chess.com"]

[Event "Titled Tuesday Blitz November 14 Early 2023"]
[White "Dushyant Sharma"]
[Black "Larina, Maria"]
[WhiteFideId "25065130"]
[BlackFideId "24113182"]
[WhiteElo "2535"]
[BlackElo "2297"]
[Result "1-0"]
[Round "3"]
[TimeControl "180+1"]
[Date "2023.11.14"]
[WhiteClock "0:00:40"]
[BlackClock "0:00:04"]
[Board "187"]

1. e4 c6 2. d4 d5 3. exd5 cxd5 4. c3 Nf6 5. Bd3 Bg4 6. Qb3 Qc7 7. Ne2 Nbd7 8. Bf4 Qb6 9. Qc2 e6 10. Nd2 Bd6 11. Bxd6 Qxd6 12. Ng3 e5 13. dxe5 Qxe5+ 14. Kf1 O-O 15. Re1 Qd6 16. h3 Be6 17. Kg1 Nc5 18. Kh2 Nxd3 19. Qxd3 Rad8 20. Nf3 Ne4 21. Nd4 Nxf2 22. Qf3 Nxh1 23. Kxh1 Rfe8 24. Re2 Bd7 25. Rf2 Rf8 26. Rd2 Be6 27. Nge2 a6 28. Nf4 Rde8 29. Rd1 b5 30. a3 h6 31. Rf1 Rd8 32. Re1 Rfe8 33. Rf1 Qc7 34. Nh5 Qe5 35. Nf4 Qe4 36. Qg3 Kh7 37. Re1 Qxe1+ 38. Qxe1 Bxh3 39. Qg3 Be6 40. Nh5 g6 41. Nf6+ Kg7 42. Nxe8+ Rxe8 43. Nf3 Bf5 44. Nd4 Bd7 45. Qd6 Bc8 46. Qxd5 Re1+ 47. Kh2 Be6 48. Nxe6+ fxe6 49. Qb7+ Kf6 50. Qxa6 Re5 51. Qb6 Rh5+ 52. Kg3 Rg5+ 53. Kf4 Rf5+ 54. Ke3 Re5+ 55. Kd2 Rd5+ 56. Kc2 Rf5 57. Kb3 Rg5 58. Qc6 Rg4 59. Qxb5 1-0


[Site "https://www.chess.com"]

[Event "Titled Tuesday Blitz November 14 Early 2023"]
[White "SicilianPanzer"]
[Black "Bettalli, Francesco"]
[BlackFideId "2816453"]
[WhiteElo "2296"]
[BlackElo "2529"]
[Result "0-1"]
[Round "3"]
[TimeControl "180+1"]
[Date "2023.11.14"]
[WhiteClock "0:00:04"]
[BlackClock "0:00:53"]
[Board "188"]

1. e4 e5 2. Nf3 Nf6 3. Bc4 Bc5 4. d3 d6 5. c3 O-O 6. O-O h6 7. Nbd2 Re8 8. h3 Nbd7 9. Re1 Nf8 10. Nf1 Ng6 11. Ng3 Nf4 12. d4 Bb6 13. dxe5 N6h5 14. exd6 Nxg3 15. Bxf4 Nxe4 16. Be3 Nxd6 17. Bxb6 axb6 18. Bb3 Rxe1+ 19. Qxe1 Qf6 20. Qe3 Bf5 21. Re1 Re8 22. Qc1 Rxe1+ 23. Qxe1 Bxh3 24. gxh3 Qxf3 25. Qe7 Qc6 26. h4 Qc5 27. Qd8+ Kh7 28. Bc2+ g6 29. Qe7 Qc4 30. h5 Qg4+ 31. Kf1 Qh3+ 32. Ke1 Qxh5 33. Qxc7 Qh1+ 34. Ke2 Qc6 35. Qe7 Qc4+ 36. Kd2 Qd5+ 37. Kc1 Nc4 38. Bd3 Ne5 39. Be2 Qe4 40. Kd2 Nc4+ 0-1


[Site "https://www.chess.com"]

[Event "Titled Tuesday Blitz November 14 Early 2023"]
[White "Buscar, Michael"]
[Black "Lehtosaari, Mauri"]
[WhiteFideId "2603616"]
[BlackFideId "501999"]
[WhiteElo "2283"]
[BlackElo "2526"]
[Result "0-1"]
[Round "3"]
[TimeControl "180+1"]
[Date "2023.11.14"]
[WhiteClock "0:01:07"]
[BlackClock "0:01:20"]
[Board "189"]

1. e4 d5 2. Nc3 dxe4 3. Nxe4 e6 4. Nf3 Nd7 5. d4 Ngf6 6. Bd3 Nxe4 7. Bxe4 Nf6 8. Bd3 c5 9. dxc5 Bxc5 10. Bg5 O-O 11. O-O b6 12. Ne5 Bb7 13. Bxf6 Qxf6 14. Qh5 g6 15. Nd7 Qd4 16. Qh6 Qxd7 17. Rad1 Qe7 18. h4 Qf6 19. h5 Qg7 20. Qf4 gxh5 21. g3 Rad8 22. Kh2 Rd4 23. Qc1 Rh4+ 24. gxh4 Qg2# 0-1


[Site "https://www.chess.com"]

[Event "Titled Tuesday Blitz November 14 Early 2023"]
[White "Novikova, Anna"]
[Black "TimGrutter03"]
[WhiteFideId "4146794"]
[WhiteElo "2276"]
[BlackElo "2517"]
[Result "0-1"]
[Round "3"]
[TimeControl "180+1"]
[Date "2023.11.14"]
[WhiteClock "0:00:35"]
[BlackClock "0:02:34"]
[Board "190"]

1. e4 g6 2. d4 Bg7 3. Nc3 d6 4. Be3 a6 5. Qd2 b5 6. f3 Bb7 7. Nh3 Nd7 8. Nf4 Rc8 9. a4 b4 10. Ncd5 a5 11. c3 e6 12. cxb4 exd5 13. b5 dxe4 14. d5 exf3 15. gxf3 Ne5 16. Bg2 Nc4 17. Qd3 Nxe3 18. Qxe3+ Qe7 0-1


[Site "https://www.chess.com"]

[Event "Titled Tuesday Blitz November 14 Early 2023"]
[White "Alahakoon, Isuru"]
[Black "Kubicka, Anna"]
[WhiteFideId "9900993"]
[BlackFideId "1152254"]
[WhiteElo "2274"]
[BlackElo "2511"]
[Result "0-1"]
[Round "3"]
[TimeControl "180+1"]
[Date "2023.11.14"]
[WhiteClock "0:00:00"]
[BlackClock "0:00:38"]
[Board "191"]

1. Nf3 Nf6 2. d4 c5 3. e3 e6 4. Nc3 Be7 5. Be2 O-O 6. O-O Nc6 7. b3 b6 8. Bb2 Bb7 9. h3 Rc8 10. Re1 cxd4 11. exd4 Nb4 12. a3 Nc6 13. Bd3 h6 14. Ne2 d6 15. Ng3 d5 16. c4 Na5 17. cxd5 Bxd5 18. Ne5 Nxb3 19. Rb1 Na5 20. Qe2 Nc6 21. Ne4 Nxe4 22. Bxe4 Nxe5 23. dxe5 Bxe4 24. Qxe4 Qd2 25. Qe2 Rc2 26. Qxd2 Rxd2 27. Bc3 Rc2 28. Bb4 Bxb4 29. axb4 Rfc8 30. Ra1 R8c7 31. Ra3 Rb2 32. Re4 Rcc2 33. Rf4 Rc7 0-1


[Site "https://www.chess.com"]

[Event "Titled Tuesday Blitz November 14 Early 2023"]
[White "Shubenkova, Veronika"]
[Black "Rasmussen, Casper"]
[WhiteFideId "44124040"]
[BlackFideId "1402005"]
[WhiteElo "2507"]
[BlackElo "2272"]
[Result "1-0"]
[Round "3"]
[TimeControl "180+1"]
[Date "2023.11.14"]
[WhiteClock "0:01:04"]
[BlackClock "0:00:40"]
[Board "192"]

1. c4 c5 2. Nc3 Nc6 3. Nf3 Nf6 4. g3 d6 5. Bg2 g6 6. O-O Bg4 7. d3 Qd7 8. a3 Bh3 9. e4 h5 10. Bg5 Bg7 11. Qd2 h4 12. Nxh4 Nd4 13. Rae1 O-O-O 14. Ne2 Rh5 15. Nxd4 cxd4 16. e5 dxe5 17. Rxe5 Rdh8 18. Rfe1 Bxg2 19. Kxg2 e6 20. Nf3 Ng4 21. Rc5+ Kb8 22. h4 f6 23. Bf4+ e5 24. Rd5 Qc7 25. Nxd4 exf4 26. Ne6 Qf7 27. Qxf4+ Ne5 28. Rexe5 g5 29. Rxg5+ Ka8 30. Rxh5 Qxe6 31. Rxh8+ Bxh8 32. Rd8+ 1-0


[Site "https://www.chess.com"]

[Event "Titled Tuesday Blitz November 14 Early 2023"]
[White "Grossboss19"]
[Black "AnnaChessLook"]
[WhiteElo "2506"]
[BlackElo "2261"]
[Result "1-0"]
[Round "3"]
[TimeControl "180+1"]
[Date "2023.11.14"]
[WhiteClock "0:00:09"]
[BlackClock "0:00:23"]
[Board "193"]

1. e4 c5 2. b3 d5 3. exd5 Qxd5 4. Bb2 Nf6 5. Nf3 Nc6 6. Nc3 Qd8 7. Bb5 Bd7 8. O-O e6 9. Re1 Be7 10. a3 O-O 11. Ne2 a6 12. Bd3 Qc7 13. Ng3 Rfd8 14. Qe2 Be8 15. h4 Nd4 16. Bxd4 cxd4 17. Ng5 Bd6 18. Nh5 Nxh5 19. Bxh7+ Kf8 20. Qxh5 Bh2+ 21. Kh1 Bf4 22. Bd3 Bxd2 23. Qh8+ Ke7 24. Qxg7 Bxe1 25. Rxe1 Qf4 26. Nxe6 Qxh4+ 27. Kg1 Kd6 28. g3 Qh5 29. Qxd4+ Qd5 30. Qxd5+ Kxd5 31. Nc7+ Kd6 32. Nxa8 Rxa8 33. f4 Rc8 34. Kf2 Bc6 35. g4 Rh8 36. Kg3 Rg8 37. f5 Bd5 38. Kf4 Rh8 39. Re2 f6 40. c4 Bc6 41. Rd2 Kd7 42. Be4+ Kc7 43. Bxc6 Kxc6 44. Rd3 Rh1 45. g5 Rg1 46. gxf6 Rf1+ 47. Kg5 Rg1+ 48. Kh6 Rh1+ 49. Kg7 Rg1+ 50. Kf8 Rf1 51. f7 Rxf5 52. Ke7 Re5+ 53. Kf6 Re1 54. Rf3 Re8 55. fxe8=Q+ 1-0


[Site "https://www.chess.com"]

[Event "Titled Tuesday Blitz November 14 Early 2023"]
[White "disciplinedbrat"]
[Black "Pinto, Daniel"]
[BlackFideId "3303144"]
[WhiteElo "2261"]
[BlackElo "2505"]
[Result "0-1"]
[Round "3"]
[TimeControl "180+1"]
[Date "2023.11.14"]
[WhiteClock "0:00:37"]
[BlackClock "0:00:07"]
[Board "194"]

1. e4 c6 2. d4 d5 3. e5 Bf5 4. h4 h5 5. Bd3 Bxd3 6. Qxd3 e6 7. c4 Nh6 8. Bg5 Be7 9. Nf3 Nf5 10. Nc3 Nd7 11. g3 g6 12. O-O Rc8 13. Rac1 dxc4 14. Qxc4 Nb6 15. Qd3 Bxg5 16. Nxg5 Qxd4 17. Qf3 Qxe5 18. Rfe1 Qg7 19. Nxe6 fxe6 20. Rxe6+ Kf7 21. Re4 Rhf8 22. Ne2 Nd5 23. Nd4 Qg8 24. Ne6 Rfe8 25. Rce1 Re7 26. g4 hxg4 27. Qxg4 Ke8 28. Ng5 Rc7 29. Ne6 Rxe6 30. Rxe6+ Kd8 31. Rxg6 Rg7 32. Ree6 Nde7 33. Qd1+ Ke8 34. h5 Qxe6 35. Rxg7 Nxg7 36. Qd4 Qf7 37. h6 Qg6+ 38. Kf1 Qxh6 39. Qg4 Qg6 40. Qf4 Qf5 41. Qh6 Kf7 42. Qe3 Nd5 43. Qb3 Qb1+ 44. Kg2 Qg6+ 45. Kf1 b6 46. Qc4 Qe6 47. Qb3 Ne3+ 48. Qxe3 Qxe3 49. fxe3 Ke6 50. Ke2 Ke5 51. Kd3 Ne6 52. a3 a5 0-1


[Site "https://www.chess.com"]